 Dungeon Sprint DCSS version 0.28.0-53-g5a82cb258f (webtiles) character file.

Game seed: 5519697437730060639

6913 Groucho the Unseen (level 10, -5/44 HPs)
             Began as a Spriggan Enchanter on June 6, 2022.
             Was a Follower of Uskayaw.
             Killed from afar by a rime drake (23 damage)
             ... with a flash freeze
             ... in the Dungeon (Sprint VII: "The Pits").
             The game lasted 00:13:51 (2178 turns).

Groucho the Unseen (Spriggan Enchanter)             Turns: 2178, Time: 00:13:53

Health: -5/44      AC:  5    Str:  8    XL:     10   Next: 79%
Magic:  21/28      EV: 28    Int: 19    God:    Uskayaw [*.....]
Gold:   0          SH:  0    Dex: 20    Spells: 25/36 levels left

rFire   . . .      SeeInvis +   a - +2 dagger
rCold   . . .      Faith    .   (no shield)
rNeg    . . .      Spirit   .   q - +0 steam dragon scales
rPois   .          Reflect  .   (helmet restricted)
rElec   .          Harm     .   (no cloak)
rCorr   .          Rampage  .   (gloves unavailable)
Will    +....      NoTele   +   (boots unavailable)
Stlth   +++++++...              (no amulet)
HPRegen 0.14/turn               m - +3 ring of intelligence
MPRegen 0.21/turn               n - +3 ring of dexterity

@: confusing by touch, flayed, very quick
A: very small, no large weapons, unfitting armour, see invisible, speed 3
a: Renounce Religion, Stomp


You were in the Dungeon.
You worshipped Uskayaw.
Uskayaw was aware of your devotion.
You visited 1 branch

Inventory:

Hand Weapons
 a - a +2 dagger (weapon)
 p - a +2 rapier of venom
Missiles
 l - 8 stones (quivered)
Armour
 q - +0 steam dragon scales (worn)
Jewellery
 m - a +3 ring of intelligence (left hand)
 n - a +3 ring of dexterity (right hand)
Scrolls
 i - a scroll of blinking
 j - 5 scrolls of amnesia
 k - a scroll of summoning
Potions
 c - 3 potions of invisibility
 d - 5 potions of curing
 e - 9 potions of heal wounds
 f - 3 potions of haste
 g - 2 potions of magic
 h - 3 potions of berserk rage
 o - 2 potions of might


   Skills:
 + Level 11.0 Short Blades
 + Level 13.1 Dodging
 + Level 17.6 Stealth
 + Level 13.6 Spellcasting
 + Level 13.9 Hexes
 + Level 11.1 Invocations


You had 25 spell levels left.
You knew the following spells:

 Your Spells              Type           Power      Damage    Failure   Level
a - Ensorcelled Hibernat  Hex/Ice        78%        N/A       1%          2
b - Confusing Touch       Hex            60%        N/A       1%          3
c - Dazzling Flash        Conj/Hex       78%        N/A       1%          3
d - Tukima's Dance        Hex            60%        N/A       1%          3

Your spell library contained the following spells:

 Spells                   Type           Power      Damage    Failure   Level


Dungeon Overview and Level Annotations

Branches:
Dungeon (1/1)

Altars:
Ashenzari
Cheibriados
Dithmenos
Elyvilon
Fedhas
Gozag
Hepliaklqana
Kikubaaqudgha
Makhleb
Nemelex Xobeh
Okawaru
Qazlal
Ru
Sif Muna
Trog
Uskayaw
Vehumet
Wu Jian
Xom
Yredelemnul
Zin
The Shining One
Beogh
Jiyva
Lugonu


Innate Abilities, Weirdness & Mutations

You are very small and have problems with some larger weapons.
You are too small for most types of armour.
You have supernaturally acute eyesight. (SInv)
You cover ground extremely quickly. (Speed+++)


Message History

The demonic crawler barely misses itself.
The demonic crawler completely misses itself.
The demonic crawler hits itself.
You hit the demonic crawler but do no damage.
The demonic crawler is almost dead.
You hit the demonic crawler but do no damage.
The demonic crawler is almost dead.
You hit the demonic crawler.
You kill the demonic crawler!
Your Short Blades skill increases to level 11!
You start resting.
A worm comes into view.
A worm is nearby!
A worm is nearby!
Casting: Confusing Touch (safe; 1% risk of failure)
Confirm with . or Enter, or press ? or * to list all spells.
Aiming: Ensorcelled Hibernation (safe; 1% risk of failure)
Press: ? - help, Shift-Dir - straight line, f - worm
Aim: a worm (wandering, hasn't noticed you, chance to affect: 73%)
The worm looks drowsy...
You are too injured to fight recklessly!
The helpless worm fails to defend itself.
You skewer the worm like a kebab!!!!!
You kill the worm!
You start resting.
A rime drake comes into view.
Casting: Ensorcelled Hibernation (safe; 1% risk of failure)
Confirm with . or Enter, or press ? or * to list all spells.
You can't see any susceptible monsters within range! (Use Z to cast anyway.) Unknown command.
The flayed ghost cries, "Feel what I felt!"
Terrible wounds open up all over your body!
Casting: Ensorcelled Hibernation (safe; 1% risk of failure)
Confirm with . or Enter, or press ? or * to list all spells.
Your hands begin to glow red.
The rime drake hisses angrily.
The rime drake breathes ice at you. The flash freeze hits you!!
Ouch! That really hurt!
You die...

.............+ ...#..#......#
.............# '#####''#####
)...##''# ##### ########
....##..###...###..'...#
....##...##...##..##...###
<...###...##'##†.###...÷.## .
....# ##........@.##...#s.## ..
....###..###)###..k##'##...###ob.
....##..##.....##..#...#..o#....o
######..'.......+..'..)+...'..n(.
######..##.....##..#.W.#...#.....
..[[###..###'###.b.##'##..)###.(.
..[[# ##..........##...#.[## ..
..).# #...##'##..###...÷.## .
..))##...##...##..##.†.###


You could see a flayed ghost, a rime drake (catching breath) and a bat.

Vanquished Creatures
  2 death yaks (D)
  Nergalle (D)
  A sea snake (D)
  2 deep trolls (D)
  A lindwurm (D)
  A deep elf zephyrmancer (D)
  A demonic crawler (D)
  4 flying skulls (D)
  A jumping spider (D)
  A spriggan (D)
  A shadow (D)
  A redback (D)
  A steam dragon (D)
  A floating eye (D)
  A water moccasin (D)
  3 swamp drakes (D)
  An orc warrior (D)
  2 necrophages (D)
  A centaur (D)
  A gnoll sergeant (D)
  2 small abominations (D)
  A quasit (D)
  2 orc priests (D)
  An orc wizard (D)
  A hell rat (D)
  4 gnolls (D)
  An adder (D)
  An ufetubus (D)
  An adder zombie (D)
  A worm (D)
  7 orcs (D)
  A bat skeleton (D)
  An endoplasm (D)
  A giant cockroach (D)
  A hobgoblin (D)
  2 quokkas (D)
  A ball python skeleton (D)
  A ball python zombie (D)
  A bat (D)
59 creatures vanquished.

Notes
Turn   | Place    | Note
-------+----------+-------------------------------------------
     0 | D        | Groucho the Spriggan Enchanter began the quest for the Orb.
     0 | D        | Reached XP level 1. HP: 9/9 MP: 5/5
    12 | D        | Reached skill level 5 in Stealth
    38 | D        | Found a bloodstained altar of Trog.
    38 | D        | Found a shimmering blue altar of Sif Muna.
    38 | D        | Found a viscous altar of Jiyva.
    38 | D        | Found a hazy altar of Hepliaklqana.
    38 | D        | Found an opulent altar of Gozag.
    39 | D        | Found a glowing golden altar of the Shining One.
    39 | D        | Found a glowing silver altar of Zin.
    39 | D        | Found a basalt altar of Yredelemnul.
    39 | D        | Found a shimmering altar of Xom.
    39 | D        | Found an ornate altar of the Wu Jian Council.
    39 | D        | Found a sacrificial altar of Ru.
    39 | D        | Found a stormy altar of Qazlal.
    39 | D        | Found an iron altar of Okawaru.
    39 | D        | Found a sparkling altar of Nemelex Xobeh.
    39 | D        | Found a burning altar of Makhleb.
    39 | D        | Found a blossoming altar of Fedhas.
    39 | D        | Found a white marble altar of Elyvilon.
    39 | D        | Found a shadowy altar of Dithmenos.
    39 | D        | Found a snail-covered altar of Cheibriados.
    41 | D        | Found a radiant altar of Vehumet.
    41 | D        | Found a corrupted altar of Lugonu.
    42 | D        | Found a hide-covered altar of Uskayaw.
    42 | D        | Found an ancient bone altar of Kikubaaqudgha.
    42 | D        | Found a broken altar of Ashenzari.
    50 | D        | Became a worshipper of Uskayaw the Reveller
    68 | D        | Reached * piety under Uskayaw
    69 | D        | Reached skill level 6 in Stealth
    69 | D        | Reached skill level 1 in Invocations
    69 | D        | Reached XP level 2. HP: 13/13 MP: 5/7
    89 | D        | Learned a level 2 spell: Ensorcelled Hibernation
    96 | D        | Reached skill level 7 in Stealth
   144 | D        | Reached ** piety under Uskayaw
   168 | D        | Reached skill level 5 in Hexes
   168 | D        | Reached XP level 3. HP: 9/16 MP: 6/9
   172 | D        | Learned a level 3 spell: Confusing Touch
   176 | D        | Learned a level 3 spell: Dazzling Flash
   413 | D        | Noticed a water moccasin
   456 | D        | Reached skill level 8 in Stealth
   466 | D        | Reached skill level 9 in Stealth
   466 | D        | Reached XP level 4. HP: 9/21 MP: 2/11
   560 | D        | Reached skill level 5 in Spellcasting
   591 | D        | Killed a water moccasin
   592 | D        | Reached skill level 11 in Stealth
   592 | D        | Reached XP level 5. HP: 19/24 MP: 9/14
   638 | D        | Noticed an orc warrior
   713 | D        | Killed an orc warrior
   714 | D        | Reached skill level 12 in Stealth
   714 | D        | Reached skill level 5 in Invocations
   720 | D        | Reached XP level 6. HP: 28/28 MP: 4/17
   729 | D        | Reached skill level 13 in Stealth
   761 | D        | HP: 1/28 [orc priest/divine providence (13)]
  1010 | D        | Learned a level 3 spell: Tukima's Dance
  1020 | D        | Reached *** piety under Uskayaw
  1024 | D        | Reached **** piety under Uskayaw
  1025 | D        | Reached skill level 5 in Dodging
  1025 | D        | Reached XP level 7. HP: 32/32 MP: 17/19
  1035 | D        | Reached skill level 14 in Stealth
  1038 | D        | Reached ***** piety under Uskayaw
  1132 | D        | Noticed a flying skull
  1139 | D        | Killed a flying skull
  1140 | D        | Reached skill level 5 in Short Blades
  1144 | D        | Noticed a flying skull
  1184 | D        | Killed a flying skull
  1185 | D        | Reached skill level 15 in Stealth
  1185 | D        | Reached XP level 8. HP: 15/36 MP: 17/22
  1187 | D        | Reached skill level 10 in Hexes
  1569 | D        | Noticed a lindwurm
  1569 | D        | Noticed a death yak
  1573 | D        | Killed a lindwurm
  1574 | D        | Reached skill level 10 in Spellcasting
  1577 | D        | Killed a death yak
  1578 | D        | Reached skill level 10 in Dodging
  1578 | D        | Reached XP level 9. HP: 39/39 MP: 22/25
  1587 | D        | Noticed a deep elf zephyrmancer
  1668 | D        | Killed a deep elf zephyrmancer
  1689 | D        | Noticed a sea snake
  1689 | D        | Noticed a death yak
  1692 | D        | Killed a death yak
  1693 | D        | Killed a sea snake
  1694 | D        | Reached skill level 16 in Stealth
  1694 | D        | Reached skill level 10 in Invocations
  1694 | D        | Reached XP level 10. HP: 44/44 MP: 25/27
  1727 | D        | Noticed a deep troll
  1730 | D        | Killed a deep troll
  1737 | D        | Reached skill level 10 in Short Blades
  1743 | D        | Noticed a deep troll
  1746 | D        | Killed a deep troll
  1747 | D        | Reached skill level 17 in Stealth
  1772 | D        | Noticed Nergalle
  1800 | D        | Killed Nergalle
  1838 | D        | Noticed an orc knight
  1844 | D        | Noticed a flayed ghost
  2075 | D        | Noticed a merfolk avatar
  2178 | D        | Killed from afar by a rime drake

Illustrated notes

Levels and vault maps discovered:
D:        pitsprint [storerooms_1, entrance_room_1, metal_vault_5, armoury_1,
          mini_pit_1, grid_room_1, main_hall_1, silver_pit, the_coven_1,
          the_vestibule_1, steel_vault_5, golden_pit, hallway_of_sentries,
          crystal_vault_1, iron_vault_1, final_vault]

Skill      XL: |  1  2  3  4  5  6  7  8  9 10 |
---------------+-------------------------------+-----
Stealth        | 6 7 9 11 12 13 15 16 17 | 17.6
Spellcasting   | 3 4 6 7 8 9 11 12 13 | 13.6
Hexes          | 4 5 6 7 8 9 11 12 13 | 13.9
Invocations    | 1 2 3 4 5 6 7 9 10 11 | 11.1
Dodging        | 3 5 7 10 11 13 | 13.1
Short Blades   | 3 5 8 9 11 | 11.0

Action                   |  1- 3 |  4- 6 |  7- 9 | 10-12 || total
-------------------------+-------+-------+-------+-------++-------
Melee: Dagger            |    27 |    31 |    26 |    40 ||   124
       Punch             |       |       |     1 |       ||     1
Throw: Stone             |     1 |     1 |       |     2 ||     4
 Cast: Ensorcelled Hiber |    13 |    20 |     1 |     4 ||    38
       Confusing Touch   |       |     1 |     2 |     5 ||     8
       Dazzling Flash    |       |       |       |     2 ||     2
Invok: Line Pass         |       |       |       |     1 ||     1
  Use: Potion            |     1 |     3 |     2 |     2 ||     8
 Stab: Sleeping          |     9 |    14 |    13 |    11 ||    47
       Confused          |       |       |     2 |     3 ||     5
       Invisible         |       |       |       |     1 ||     1
       Paralysed         |       |       |       |     1 ||     1
Armor: Robe              |     1 |     2 |       |       ||     3
       Steam dragon scal |       |       |       |     2 ||     2
Dodge: Dodged            |    24 |    20 |     9 |    24 ||    77
